 Dungeon Crawl Stone Soup version 0.22.1-2-g9c5b331383 (webtiles) character file.

614 Marnok the Slasher (level 7, -5/53 HPs)
             Began as a Human Fighter on Nov 28, 2018.
             Slain by an ogre
             ... wielding a +0 giant spiked club
              (13 damage)
             ... on level 5 of the Dungeon.
             The game lasted 00:15:52 (2753 turns).

Marnok the Slasher (Human Fighter)                  Turns: 2753, Time: 00:15:53

Health: -5/53      AC: 11    Str: 17    XL:     7   Next: 73%
Magic:  7/7        EV:  6    Int:  8    God:
Gold:   160        SH:  9    Dex: 14    Spells: 6/6 levels left

rFire    . . .     SeeInvis .   a - +1 long sword
rCold    . . .     Gourm    .   c - +0 shield
rNeg     . . .     Faith    .   t - +2 chain mail
rPois    .         Spirit   .   (no helmet)
rElec    .         Reflect  .   (no cloak)
rCorr    .         Harm     .   (no gloves)
MR       .....                  (no boots)
Stlth    ..........             (no amulet)
HPRegen  0.17/turn              (no ring)
MPRegen  0.10/turn              (no ring)

@: no status effects
A: no striking features
a: no special abilities


You were on level 5 of the Dungeon.
You were not hungry.

You visited 1 branch of the dungeon, and saw 5 of its levels.

You collected 160 gold pieces.

Inventory:

Hand Weapons
 a - a +1 long sword (weapon)
 r - a +2 war axe of flaming
Armour
 b - a +0 scale mail
 c - a +0 shield (worn)
 e - a +0 ring mail
 g - a +0 chain mail
 l - a +0 helmet
 m - a +0 ring mail
 t - a +2 chain mail (worn)
Jewellery
 q - a cursed -3 ring of protection
Wands
 j - a wand of clouds (6)
Scrolls
 i - a scroll of identify
 n - a scroll of magic mapping {unknown}
 o - a scroll of remove curse
Potions
 d - a potion of might
 k - a potion of lignification
 p - 2 potions of curing {unknown}
Comestibles
 f - 6 rations
 s - 3 chunks of flesh


   Skills:
 + Level 3.8 Fighting
 + Level 5.1 Long Blades
 + Level 4.6 Armour
 + Level 2.1 Dodging
 + Level 0.3 Stealth
 + Level 4.6 Shields


You had 6 spell levels left.
You didn't know any spells.
Your spell library contained the following spells:

 Spells                   Type           Power        Failure   Level  Hunger
 Magic Dart               Conj           #...         100%        1    ##.....
 Blink                    Tloc           N/A          100%        2    ###....
 Call Imp                 Summ           #.......     100%        2    ###....
 Slow                     Hex            #.......     100%        2    ###....
 Conjure Flame            Conj/Fire      #.......     100%        3    ####...
 Mephitic Cloud           Conj/Pois/Air  #.......     100%        3    ####...


Dungeon Overview and Level Annotations

Branches:
Dungeon (5/15)
 Temple: D:4-7

Altars:


Message History

The ogre is lightly wounded.
You block the ogre's attack.
You slash the ogre!
The ogre is heavily wounded.
A hound comes into view.
Your shield and chain mail prevent you from hitting the ogre.
The ogre is heavily wounded.
The hound barks!
The ogre hits you with a giant spiked club!!
You barely miss the ogre.
The ogre is moderately wounded.
You block the ogre's attack.
Your shield and chain mail prevent you from hitting the ogre.
The ogre is moderately wounded.
The ogre hits you with a giant spiked club!
* * * LOW HITPOINT WARNING * * *
It was a potion of magic.
Magic courses through your body. The hound barely misses you.
The ogre hits you with a giant spiked club!
You die...

##.. #..# ..# #.# #
##.####### ...
#........# # ##.
.....##........###.#$...
......O@h............#
.....##.........##.###
... #.<.......[..# (
#####......#######
##......^.###....
#...#######...### #.#.#
##....### #
#.#.###..#### # .
#.#...## #


You could see an ogre and a hound.

Vanquished Creatures
  Grinder (D:3)
  An ogre (D:4)
  A phantom (D:5)
  A hound (D:5)
  Terence (D:3)
  Natasha (D:2)
  3 gnolls (D:3)
  4 adders
  2 oozes
  A worm (D:2)
  13 dart slugs
  A leopard gecko (D:1)
  5 orcs
  2 giant cockroaches (D:1)
  2 goblins
  4 hobgoblins
  4 jackals (D:3)
  6 bats
  6 frilled lizards
  A jackal skeleton (D:5)
  5 kobolds
  4 rats
  A plant (D:1)
70 creatures vanquished.

Notes
Turn   | Place    | Note
-------+----------+-------------------------------------------
     0 | D:1      | Marnok the Human Fighter began the quest for the Orb.
     0 | D:1      | Reached XP level 1. HP: 18/18 MP: 1/1
   152 | D:1      | Reached XP level 2. HP: 15/24 MP: 2/2
   458 | D:1      | Reached XP level 3. HP: 25/29 MP: 3/3
   819 | D:2      | Noticed Natasha
   833 | D:2      | Killed Natasha
   833 | D:2      | Reached XP level 4. HP: 21/35 MP: 4/4
   965 | D:2      | You fall through a shaft!
  1003 | D:3      | Noticed Terence
  1020 | D:3      | Killed Terence
  1081 | D:3      | Noticed Grinder
  1087 | D:3      | Reached skill level 1 in Dodging
  1087 | D:3      | Reached XP level 5. HP: 27/41 MP: 5/5
  1088 | D:3      | Paralysed by Grinder for 7 turns
  1111 | D:3      | Paralysed by Grinder for 4 turns
  1118 | D:3      | Killed Grinder
  1118 | D:3      | Reached skill level 3 in Long Blades
  1118 | D:3      | Reached XP level 6. HP: 13/48 MP: 6/6
  1646 | D:3      | Reached skill level 4 in Long Blades
  1780 | D:3      | Reached XP level 7. HP: 49/53 MP: 7/7
  2672 | D:5      | Entered Level 5 of the Dungeon
  2720 | D:5      | Reached skill level 5 in Long Blades
  2753 | D:5      | Slain by an ogre

Skill      XL: |  1  2  3  4  5  6  7 |
---------------+----------------------+-----
Dodging        | 1 2 |  2.1
Long Blades    | 3 4 5 |  5.1
Armour         | 4 |  4.6
Shields        | 4 |  4.6
Fighting       | |  3.8
Stealth        | |  0.3

Action                   |  1- 3 |  4- 6 |  7- 9 || total
-------------------------+-------+-------+-------++-------
Melee: Long sword        |   134 |    83 |    97 ||   314
  Use: Scroll            |       |     5 |     5 ||    10
       Potion            |       |     3 |     1 ||     4
  Eat: Ration            |       |     1 |     1 ||     2
Armor: Scale mail        |    56 |    27 |    24 ||   107
       Skin              |       |     4 |       ||     4
       Chain mail        |       |       |    21 ||    21
Dodge: Dodged            |    25 |    23 |    25 ||    73
Block: Shield            |    62 |    35 |    40 ||   137
       Rpst.: Long sword |     5 |     5 |     5 ||    15
